 Dungeon Crawl Stone Soup version 0.31.0-4-g52a2dc7128 (webtiles) character file.

Game seed: 6174115759348892208

15125 Sweeb the Grappler (level 11, -9/87 HPs)
             Began as a Demonspawn Fighter on Jan 22, 2024.
             Was the Champion of Okawaru.
             Mangled by a shock serpent (glowing shapeshifter) (12 damage)
             ... on level 13 of the Dungeon on Jan 23, 2024.
             The game lasted 00:21:05 (10493 turns).

Sweeb the Grappler (Demonspawn Fighter)            Turns: 10493, Time: 00:21:06

Health: -9/87      AC: 21    Str: 24    XL:     11   Next: 97%
Magic:  15/15      EV: 12    Int:  7    God:    Okawaru [******]
Gold:   497        SH: 16    Dex: 21    Spells: 10/10 levels left

rFire   . .          .
                       - Unarmed
rCold   + + .        c - +0 buckler
rNeg    . . .        r - +3 scale mail {Will+}
rPois   +            l - +2 helmet of the Ninety-Nine Tales {rC++ Int-2}
rElec   .            (no cloak)
rCorr   .            (gloves unavailable)
SInv    .            a - +0 pair of boots
Will    +....        e - amulet of reflection Stlth
                     m - ring of Peace {rPois Dex+6}
HPRegen 0.34/turn    y - +6 ring of strength
MPRegen 0.14/turn

%: reflection
@: no status effects
A: claws 3, slimy green scales 1, foul stench 1, icemail 1, condensation shield
a: Renounce Religion, Heroism, Finesse, Duel, Receive Weapon


You were on level 13 of the Dungeon.
You worshipped Okawaru.
Okawaru was exalted by your worship.
You visited 2 branches of the dungeon, and saw 14 of its levels.

You collected 842 gold pieces.
You spent 345 gold pieces at shops.

Inventory:

Missiles
 C - a javelin (quivered)
 D - a throwing net
Armour
 a - a +0 pair of boots (worn)
 c - a +0 buckler (worn)
 l - the +2 helmet of the Ninety-Nine Tales (worn) {rC++ Int-2}
   (Okawaru gifted it to you on level 11 of the Dungeon)

   Int-2:     It affects your intelligence (-2).
   rC++:      It greatly protects you from cold.
 q - a scarf of harm
 r - a +3 scale mail of willpower (worn)
 s - +0 acid dragon scales
 x - a +2 hat
Jewellery
 d - a ring of protection from fire
 e - an amulet of reflection (around neck)
 m - the ring of Peace (left claw) {rPois Dex+6}
   (You found it on level 4 of the Dungeon)

   [ring of dexterity]

   Dex+6:     It affects your dexterity (+6).
   rPois:     It protects you from poison
 v - an amulet of guardian spirit
 y - a +6 ring of strength (right claw)
Wands
 j - a wand of polymorph (3)
 t - a wand of mindburst (15)
 E - a wand of iceblast (16)
 G - a wand of flame (10)
Scrolls
 f - a scroll of immolation
 g - 2 scrolls of amnesia
 p - 2 scrolls of silence
 z - 2 scrolls of fog
 A - a scroll of revelation
 B - 4 scrolls of teleportation
 F - a scroll of enchant weapon
Potions
 b - a potion of heal wounds {unknown}
 h - 4 potions of attraction
 i - 3 potions of enlightenment
 k - 4 potions of curing
 n - a potion of degeneration
 o - a potion of might
 u - a potion of cancellation {unknown}
 w - a potion of haste


   Skills:
 + Level 8.9 Fighting
 - Level 2.1 Polearms
 + Level 8.0 Armour
 - Level 4.2 Dodging
 + Level 7.9 Shields
 * Level 10.6 Unarmed Combat
 + Level 6.5 Invocations


You had 10 spell levels left.
You didn't know any spells.
Your spell library contained the following spells:

 Spells                   Type           Power      Damage    Failure   Level
 Magic Dart               Conj           0%         1d3       75%         1
 Necrotise                Necr           0%         1d4       75%         1
 Blink                    Tloc           0%         N/A       87%         2
 Lesser Beckoning         Tloc           0%         N/A       87%         2
 Momentum Strike          Conj/Tloc      0%         3d8       87%         2
 Stone Arrow              Conj/Erth      0%         3d7       98%         3
 Vampiric Draining        Necr           0%         2d6       98%         3
 Curse of Agony           Necr           0%         N/A       100%        5
 Lehudib's Crystal Spear  Conj/Erth      0%         10d2      100%        8
 Call Imp                 Summ           Unusable   N/A       N/A         2
 Animate Armour           Summ/Erth      Unusable   N/A       N/A         4
 Martyr's Knell           Necr/Summ      Unusable   N/A       N/A         4

Dungeon Overview and Level Annotations

Branches:
Dungeon (13/15)            Temple (0/1) D:4            Lair (0/5) D:11
    Orc (1/2) D:10         Vaults (0/5) D:13

Altars:
Cheibriados
Dithmenos
Makhleb
Nemelex Xobeh
Okawaru
Yredelemnul

Shops:
D:3 [   D:8 =   D:11 *

Portals:
Trove: D:10 (give +8 demon blade)

Annotations:
Orc:1 Josephine


Innate Abilities, Weirdness & Mutations

You have claws for hands.
You are partially covered in slimy green scales. (AC +2)
You may rarely emit foul miasma when damaged in melee.
A meltable icy envelope protects you from harm. (AC +4)
A meltable shield of frost defends you. (SH +4)


Message History

The culicivora closely misses you. The harpy claws you!
You emit a cloud of foul miasma!
You block the harpy's attack.
You miss the culicivora.
The harpy is engulfed in dark miasma.
The vampire casts a spell.
The vampire flickers and vanishes!
Deactivating autopickup; reactivate with Ctrl-A.
The culicivora bites you!
The culicivora draws strength from your injuries!
You block the harpy's attack. x2
You scratch something. The harpy claws you. You block the harpy's attack.
The culicivora bites you!
The culicivora draws strength from your injuries!
Something hits you. You block something's attack.
The harpy claws you but does no damage. x2
You mangle something!! Okawaru accepts your kill.
Reactivating autopickup.
You feel a bit more experienced. The culicivora bites you.
The culicivora draws strength from your injuries!
The harpy barely misses you. You block the harpy's attack.
The culicivora bites you.
The culicivora draws strength from your injuries!
You mangle the harpy!!
The harpy is almost dead.
You block the harpy's attack. x2; The culicivora bites you.
* * * LOW HITPOINT WARNING * * *
The culicivora draws strength from your injuries!
You scratch the harpy.
You kill the harpy!
Okawaru accepts your kill. The culicivora bites you!
* * * LOW HITPOINT WARNING * * *
The culicivora draws strength from your injuries!
You block the culicivora's attack. x2
You barely miss the culicivora.
The culicivora changes into a shock serpent!
You completely miss the shock serpent. The shock serpent bites you!
* * * LOW HITPOINT WARNING * * *
The shock serpent shocks you!
You die...

##....# .. ......# ...
......# .... ......#
#..#.###......#
#....#∩.......#
#.#.#......#
#....○@....#
#.....S....# #
#......#####.#
#####.†......#
##.......# #####
#.......# ....#
#.#####.# ....#
#.#####.#
.##.############.......#


You could see a shock serpent shaped shifter.

Vanquished Creatures
  Harold (D:9)
  A centaur warrior (D:9)
  A two-headed ogre (D:10)
  A skeletal warrior (D:9)
  An ugly thing (D:11)
  A cyclops (D:11)
  A harpy (shapeshifter) (D:13)
  Maurice (D:8)
  An elephant (D:11)
  A gargoyle (D:13)
  Maggie (D:6)
  3 kobold demonologists
  Jeremiah (D:9)
  3 trolls
  Grinder (D:4)
  A hornet (D:8)
  Sigmund (D:2)
  7 slime creatures
  A spriggan (D:7)
  A wyvern (D:11)
  A vampire (D:13)
  4 wraiths (D:10)
  10 yaks
  2 steam dragons (D:9)
  A basilisk (D:11)
  4 vampire mosquitoes (D:13)
  A water moccasin (D:7)
  2 orc warriors (D:9)
  2 sky beasts (D:7)
  3 ice beasts
  6 black bears
  A boggart (shapeshifter) (D:13)
  2 ogres
  3 centaurs
  5 kobold brigands
  5 bullfrogs
  Blork the orc (D:5)
  A gnoll sergeant (D:11)
  2 scorpions
  10 howler monkeys
  2 electric eels (D:10)
  3 hounds
  4 jellies
  A bombardier beetle (D:3)
  2 orc priests
  2 orc wizards
  Robin (D:3)
  6 gnolls
  9 adders
  2 shadow imps
  A white imp (D:6)
  A ribbon worm (D:2)
  3 dart slugs
  23 orcs
  7 bats
  6 endoplasms
  3 giant cockroaches (D:2)
  5 goblins (D:3)
  7 hobgoblins
  A jackal (D:2)
  23 kobolds
  A quokka (D:1)
  8 ball pythons
  4 frilled lizards
  7 rats
228 creatures vanquished.

Notes
Turn   | Place    | Note
-------+----------+-------------------------------------------
     0 | D:1      | Sweeb the Demonspawn Fighter began the quest for the Orb.
     0 | D:1      | Reached XP level 1. HP: 18/18 MP: 1/1
   157 | D:1      | Gained mutation: You have sharp fingernails. [demonic
                  | ancestry]
   157 | D:1      | Reached XP level 2. HP: 24/24 MP: 2/2
   171 | D:1      | You fall into a shaft and drop 1 floor!
   428 | D:1      | Found a faded altar of an unknown god.
   448 | D:1      | Prayed at the altar of an unknown god.
   448 | D:1      | Became a worshipper of Warmaster Okawaru
   448 | D:1      | Reached * piety under Okawaru
   581 | D:2      | Reached skill level 1 in Unarmed Combat
   581 | D:2      | Gained mutation: A meltable shield of frost defends you.
                  | (SH +4) [demonic ancestry]
   581 | D:2      | Reached XP level 3. HP: 25/29 MP: 3/3
   712 | D:2      | Noticed Sigmund
   731 | D:2      | Killed Sigmund
   731 | D:2      | Reached ** piety under Okawaru
   732 | D:2      | Reached skill level 2 in Unarmed Combat
   732 | D:2      | Gained mutation: A meltable icy envelope protects you from
                  | harm. (AC +4) [demonic ancestry]
   732 | D:2      | Reached XP level 4. HP: 12/37 MP: 4/4
   732 | D:2      | Reached XP level 5. HP: 13/42 MP: 5/5
  1183 | D:2      | Reached skill level 3 in Unarmed Combat
  1596 | D:3      | Gained mutation: You are partially covered in slimy green
                  | scales. (AC +2) [demonic ancestry]
  1596 | D:3      | Reached XP level 6. HP: 48/48 MP: 6/6
  1758 | D:3      | Found Dycik's Antique Armour Shoppe.
  1812 | D:3      | Noticed Robin
  1822 | D:3      | Killed Robin
  3074 | D:4      | Noticed Grinder
  3112 | D:4      | Killed Grinder
  3113 | D:4      | Reached skill level 4 in Unarmed Combat
  3113 | D:4      | Reached XP level 7. HP: 31/55 MP: 7/7
  3247 | D:4      | Identified the ring of Peace {rPois Dex+6}
  3343 | D:4      | Found a staircase to the Ecumenical Temple.
  3502 | D:5      | Entered Level 5 of the Dungeon
  3648 | D:5      | Noticed Blork the orc
  3662 | D:5      | Killed Blork the orc
  3662 | D:5      | Reached *** piety under Okawaru
  3741 | D:5      | Reached skill level 5 in Fighting
  3760 | D:5      | Identified the +2 robe "Jog Ker" {rPois Dex+5}
  3784 | D:5      | Reached skill level 5 in Unarmed Combat
  3784 | D:5      | Gained mutation: You have very sharp fingernails. [demonic
                  | ancestry]
  3784 | D:5      | Reached XP level 8. HP: 60/62 MP: 8/8
  3929 | D:5      | Reached skill level 1 in Dodging
  4126 | D:3      | Bought a glowing scarf for 184 gold pieces
  4126 | D:3      | Bought a glowing scale mail for 161 gold pieces
  4317 | D:6      | Noticed Maggie
  4343 | D:6      | Killed Maggie
  4377 | D:6      | Found a shadowy altar of Dithmenos.
  4437 | D:6      | Reached skill level 5 in Shields
  4507 | D:6      | Reached skill level 5 in Armour
  4549 | D:6      | Reached skill level 6 in Unarmed Combat
  4667 | D:6      | Found a sparkling altar of Nemelex Xobeh.
  4678 | D:6      | Found a burning altar of Makhleb.
  5371 | D:7      | Reached **** piety under Okawaru
  5372 | D:7      | Reached XP level 9. HP: 69/69 MP: 9/9
  5804 | D:7      | Reached skill level 7 in Unarmed Combat
  5858 | D:8      | Noticed Maurice
  5858 | D:8      | Found a transporter.
  5987 | D:8      | Identified the +7 flail "Hyto" {heavy, Int+6}
  6357 | D:9      | Noticed a kobold demonologist
  6372 | D:9      | Noticed a kobold demonologist
  6376 | D:9      | Killed a kobold demonologist
  6377 | D:9      | Noticed a kobold demonologist
  6379 | D:9      | Noticed a sun demon
  6382 | D:9      | Noticed a sixfirhy
  6385 | D:9      | Noticed a rust devil
  6386 | D:9      | Noticed Harold
  6387 | D:9      | Killed a kobold demonologist
  6403 | D:10     | Entered Level 10 of the Dungeon
  6435 | D:10     | Reached ***** piety under Okawaru
  6436 | D:10     | Gained mutation: You may rarely emit foul miasma when
                  | damaged in melee. [demonic ancestry]
  6436 | D:10     | Reached XP level 10. HP: 39/77 MP: 10/10
  6643 | D:10     | Reached skill level 8 in Unarmed Combat
  6656 | D:10     | Noticed a two-headed ogre
  6664 | D:10     | Killed a two-headed ogre
  6665 | D:10     | Reached skill level 1 in Invocations
  6845 | D:10     | Found a staircase to the Orcish Mines.
  6874 | D:10     | Found a snail-covered altar of Cheibriados.
  7020 | D:10     | Found a portal to a secret trove of treasure.
  7323 | D:11     | Noticed a purple ugly thing
  7339 | D:11     | Killed a purple ugly thing
  7340 | D:11     | Reached skill level 9 in Unarmed Combat
  7438 | Orc:1    | Entered Level 1 of the Orcish Mines
  7438 | Orc:1    | Noticed Josephine
  7444 | Orc:1    | Noticed an orc sorcerer
  7792 | D:9      | Killed Harold
  7793 | D:9      | Gained mutation: You have claws for hands. [demonic
                  | ancestry]
  7793 | D:9      | Reached XP level 11. HP: 69/86 MP: 14/14
  7797 | D:9      | Received a gift from Okawaru
  7893 | D:9      | Noticed Jeremiah
  7944 | D:9      | Found a basalt altar of Yredelemnul.
  7994 | D:9      | Killed Jeremiah
  8328 | D:9      | Noticed a skeletal warrior
  8343 | D:9      | Killed a skeletal warrior
  8648 | D:9      | Noticed a centaur warrior
  8652 | D:9      | Killed a centaur warrior
  8653 | D:9      | Reached skill level 5 in Invocations
  8748 | D:8      | Found a transporter.
  8750 | D:8      | Found Byisolufeg's Jewellery Boutique.
  8799 | D:8      | Something stole 2 throwing nets
  8811 | D:8      | Killed Maurice
  9308 | D:11     | Found a staircase to the Lair.
  9318 | D:11     | Reached skill level 10 in Unarmed Combat
  9400 | D:11     | Found Minwieph's Assorted Antiques.
  9417 | D:11     | Received a gift from Okawaru
  9617 | D:11     | Reached ****** piety under Okawaru
  9618 | D:11     | Acquired the +2 helmet of the Ninety-Nine Tales {rC++
                  | Int-2}
  9618 | D:11     | Received a gift from Okawaru
 10477 | D:13     | Found a gate to the Vaults.
 10482 | D:13     | Noticed a harpy
 10490 | D:13     | Killed a harpy
 10492 | D:13     | a culicivora changed into a shock serpent
 10492 | D:13     | Noticed a shock serpent (glowing shapeshifter)
 10493 | D:13     | HP: 3/87 [shock serpent (glowing shapeshifter) (7)]
 10493 | D:13     | Mangled by a shock serpent (glowing shapeshifter)

Illustrated notes

Levels and vault maps discovered:
D:1:      dpeg_arrival_rooms_b, layout_rooms, hellmonk_ecumenical_altar_run_dry
D:2:      layout_loops_ring, hangedman_decor_riveting,
          minmay_randomly_rotated_circles, uniq_sigmund
D:3:      layout_loops_ring, serial_shops, nicolae_shop_real_fake_doors,
          serial_rivers, chequers_serial_rivers_room_b,
          chequers_serial_rivers_large_b, chequers_serial_rivers_large_a,
          chequers_serial_rivers_micro_e, chequers_serial_rivers_room_a,
          chequers_serial_rivers_micro_b, uniq_robin
D:4:      layout_basic, minmay_temple_entry_from_below_b, serial_rivers,
          chequers_serial_rivers_small_a, chequers_serial_rivers_micro_b,
          chequers_serial_rivers_micro_e, chequers_serial_rivers_micro_c,
          chequers_serial_rivers_micro_c, uniq_grinder
D:5:      layout_loops_ring, uniq_blork_the_orc
D:6:      layout_basic, mainiacjoe_overflow_large_starburst,
          mainiacjoe_overflow_small_starburst, uniq_maggie
D:7:      layout_basic, the_hattery
D:8:      layout_cave_pools, serial_shops, nicolae_shop_drivethru, uniq_maurice
D:9:      layout_basic, mainiacjoe_overflow_24_doors, minivault_25,
          kennysheep_cluttered_room, grunt_ministairs_9,
          hangedman_abyss_or_decor_jellyfish_corner, grunt_tough_drop,
          uniq_jeremiah, uniq_harold
D:10:     layout_basic, mainiacjoe_overflow_chevrons,
          nicolae_trove_entry_isolated, amethyst_killhole
D:11:     layout_roguey, grunt_lair_entry_orc_guard_hut, serial_shops,
          nicolae_square_shop
D:12:     layout_layer_cave
D:13:     layout_stronghold, david_vaults_2
Orc:1:    layout_caves, basic_altar, minmay_orc_treasury, uniq_erolcha,
          uniq_josephine

Skill      XL: |  1  2  3  4  5  6  7  8  9 10 11 |
---------------+----------------------------------+-----
Polearms       | 2 |  2.1
Armour         | 3 4 5 6 7 8 |  8.0
Shields        | 3 4 5 6 7 |  7.9
Unarmed Combat | 1 2 3 4 5 6 7 9 10 | 10.6
Fighting       | 4 5 6 7 8 |  8.9
Dodging        | 2 4 |  4.2
Invocations    | 4 6 |  6.5

Action                     |  1- 3 |  4- 6 |  7- 9 | 10-12 || total
---------------------------+-------+-------+-------+-------++-------
  Melee: Trident           |    95 |    53 |       |       ||   148
         Unarmed           |       |   200 |   288 |   388 ||   876
 Invoke: Heroism           |       |       |     2 |     3 ||     5
         Receive Armour    |       |       |       |     1 ||     1
    Use: Scroll            |     2 |     6 |     6 |     6 ||    20
         Potion            |     1 |     1 |       |     3 ||     5
 Armour: Scale mail        |    47 |   104 |   111 |   169 ||   431
  Dodge: Dodged            |    32 |    43 |    62 |    87 ||   224
  Block: Buckler           |    15 |   150 |   192 |   278 ||   635
         Reflection        |       |     1 |     4 |     8 ||    13
